TOP OF THE 1ST |
Detroit Renaissance batting - Pitching for D.C. Divided : RHP José Alaniz
|
Pitching: RHP José Alaniz
|
|
Batting: RHB Kyle Bywaters
|
0-0: Ground out 6-3 (Groundball, 6)
|
Batting: RHB Bernardo Herrera
|
0-0: Ball 1-0: Ground out 5-3 (Groundball, 56S)
|
Batting: RHB Lonnie Conrad
|
0-0: Ground out 5-3 (Groundball, 5L)
|
Top of the 1st over - 0 run(s), 0 hit(s), 0 error(s), 0 left on base; Detroit 0 - D.C. 0 |
BOTTOM OF THE 1ST |
D.C. Divided batting - Pitching for Detroit Renaissance : LHP Kyle Lewis
|
Pitching: LHP Kyle Lewis
|
|
Batting: RHB Tony Romero
|
0-0: Bunt missed! 0-1: Ball 1-1: Ball 2-1: Foul Ball, location: 2F 2-2: Ball 3-2: Foul Ball, location: 2F 3-2: Base on Balls
|
Batting: LHB Keith Bridges
|
0-0: Called Strike 0-1: Called Strike 0-2: Ball 1-2: Strikes out swinging Tony Romero steals 2nd base Batter strikes out.
|
Batting: LHB Ray Sears
|
0-0: Called Strike Tony Romero is caught stealing 3rd base 0-1: Ball 1-1: Foul Ball, location: 2F 1-2: Ball 2-2: Fly out, F6 (Popup, 6)
|
Bottom of the 1st over - 0 run(s), 0 hit(s), 0 error(s), 0 left on base; Detroit 0 - D.C. 0 |
TOP OF THE 2ND |
Detroit Renaissance batting - Pitching for D.C. Divided : RHP José Alaniz
|
Batting: LHB Juan González
|
0-0: Ball 1-0: Ball 2-0: Ball 3-0: Called Strike 3-1: DOUBLE (Line Drive, 3D)
|
Batting: LHB Mike Silver
|
0-0: Foul Ball, location: 2F 0-1: Ball 1-1: Foul Ball, location: 2F 1-2: Foul Ball, location: 2F 1-2: Reached on error, E6 (Groundball, 6S) Juan González to third
|
Batting: LHB Gregory Johnson
|
0-0: DOUBLE (Line Drive, 89M) Juan González scores Mike Silver to third Runner from 3rd tries for Home, SAFE, no throw or cutoff
|
Batting: LHB Luis Rodríguez
|
0-0: SINGLE (Groundball, 4MD) Gregory Johnson to third Runner from 3rd tries for Home, throw and OUT!
|
Batting: LHB Greg Robinson
|
0-0: Ball 1-0: Fly out, F7 (Popup, 78S)
|
Batting: RHB Eric D'Angle
|
0-0: Called Strike 0-1: Called Strike 0-2: Ball 1-2: Foul Ball, location: 2F 1-2: Strikes out swinging
|
Top of the 2nd over - 2 run(s), 3 hit(s), 1 error(s), 1 left on base; Detroit 2 - D.C. 0 |
BOTTOM OF THE 2ND |
D.C. Divided batting - Pitching for Detroit Renaissance : LHP Kyle Lewis
|
Batting: LHB Charles Mathes
|
0-0: Called Strike 0-1: Ball 1-1: Foul Ball, location: 2F 1-2: Ball 2-2: Strikes out swinging
|
Batting: RHB Miguel Silva
|
0-0: Ball 1-0: Ball 2-0: Ball 3-0: Called Strike 3-1: Foul Ball, location: 2F 3-2: Foul Ball, location: 2F 3-2: Foul Ball, location: 2F 3-2: Strikes out looking
|
Batting: LHB Brad Elmore
|
0-0: Called Strike 0-1: Ball 1-1: Ball 2-1: Ball 3-1: Called Strike 3-2: Base on Balls
|
Batting: RHB Lúcio López
|
0-0: Ball 1-0: Foul Ball, location: 2F 1-1: Ball 2-1: Foul Ball, location: 2F 2-2: Ball 3-2: Strikes out looking
|
Bottom of the 2nd over - 0 run(s), 0 hit(s), 0 error(s), 1 left on base; Detroit 2 - D.C. 0 |
TOP OF THE 3RD |
Detroit Renaissance batting - Pitching for D.C. Divided : RHP José Alaniz
|
Batting: RHB Kyle Bywaters
|
0-0: Ball 1-0: Called Strike 1-1: Fly out, F4 (Popup, 34D)
|
Batting: RHB Bernardo Herrera
|
0-0: Ball 1-0: Swinging Strike 1-1: Fly out, F7 (Flyball, 7D)
|
Batting: RHB Lonnie Conrad
|
0-0: Called Strike 0-1: Called Strike 0-2: Foul Ball, location: 2F 0-2: DOUBLE (Flyball, 78XD)
|
Batting: LHB Juan González
|
0-0: Ball 1-0: Ball 2-0: Ball 3-0: Called Strike 3-1: Swinging Strike 3-2: Ground out 4-3 (Groundball, 34)
|
Top of the 3rd over - 0 run(s), 1 hit(s), 0 error(s), 1 left on base; Detroit 2 - D.C. 0 |
BOTTOM OF THE 3RD |
D.C. Divided batting - Pitching for Detroit Renaissance : LHP Kyle Lewis
|
Batting: LHB Jorge Aicón
|
0-0: Ball 1-0: Ball 2-0: Ball 3-0: Base on Balls
|
Batting: RHB Mark Allen
|
0-0: Swinging Strike 0-1: Fly out, F4 (Popup, 34D)
|
Batting: RHB Tony Romero
|
0-0: Fly out, F8 (Line Drive, 8LM)
|
Batting: LHB Keith Bridges
|
0-0: Ball 1-0: Ball 2-0: Called Strike 2-1: Ball 3-1: Fielders Choice at 2nd, 5-4 (Groundball, 56)
|
Bottom of the 3rd over - 0 run(s), 0 hit(s), 0 error(s), 0 left on base; Detroit 2 - D.C. 0 |
TOP OF THE 4TH |
Detroit Renaissance batting - Pitching for D.C. Divided : RHP José Alaniz
|
Batting: LHB Mike Silver
|
0-0: Called Strike 0-1: Ball 1-1: Foul Ball, location: 2F 1-2: Ground out 4-3 (Groundball, 4)
|
Batting: LHB Gregory Johnson
|
0-0: Foul Ball, location: 2F 0-1: Ball 1-1: Ground out 4-3 (Groundball, 4M)
|
Batting: LHB Luis Rodríguez
|
0-0: Ball 1-0: Fly out, F9 (Flyball, 9M)
|
Top of the 4th over - 0 run(s), 0 hit(s), 0 error(s), 0 left on base; Detroit 2 - D.C. 0 |
BOTTOM OF THE 4TH |
D.C. Divided batting - Pitching for Detroit Renaissance : LHP Kyle Lewis
|
Batting: LHB Ray Sears
|
0-0: Ball 1-0: Called Strike 1-1: Fly out, F6 (Popup, 6)
|
Batting: LHB Charles Mathes
|
0-0: Foul Ball, location: 2F 0-1: Ball 1-1: Ball 2-1: SINGLE (Groundball, 34D)
|
Batting: RHB Miguel Silva
|
0-0: Called Strike 0-1: Swinging Strike 0-2: Ball Charles Mathes steals 2nd base 1-2: Ball 2-2: Ball 3-2: Base on Balls
|
Batting: LHB Brad Elmore
|
0-0: Ball 1-0: Foul Ball, location: 2F 1-1: Swinging Strike 1-2: Strikes out looking
|
Batting: RHB Lúcio López
|
0-0: Called Strike 0-1: Ball 1-1: Called Strike 1-2: Foul Ball, location: 2F 1-2: Ball 2-2: Ball 3-2: Strikes out swinging
|
Bottom of the 4th over - 0 run(s), 1 hit(s), 0 error(s), 2 left on base; Detroit 2 - D.C. 0 |
TOP OF THE 5TH |
Detroit Renaissance batting - Pitching for D.C. Divided : RHP José Alaniz
|
Batting: LHB Greg Robinson
|
0-0: Ball 1-0: Foul Ball, location: 2F 1-1: Swinging Strike 1-2: Ball 2-2: Strikes out swinging
|
Batting: RHB Eric D'Angle
|
0-0: Ball 1-0: Ground out 4-3 (Groundball, 34)
|
Batting: RHB Kyle Bywaters
|
0-0: Bunt for hit - play at first, batter safe!
|
Batting: RHB Bernardo Herrera
|
0-0: Ball 1-0: Ball Kyle Bywaters is caught stealing 2nd base
|
Top of the 5th over - 0 run(s), 1 hit(s), 0 error(s), 0 left on base; Detroit 2 - D.C. 0 |
BOTTOM OF THE 5TH |
D.C. Divided batting - Pitching for Detroit Renaissance : LHP Kyle Lewis
|
Batting: LHB Jorge Aicón
|
0-0: Called Strike 0-1: Foul Ball, location: 2F 0-2: Ball 1-2: Fly out, F8 (Popup, 8LS)
|
Batting: RHB Mark Allen
|
0-0: Ball 1-0: Ball 2-0: Swinging Strike 2-1: Ground out U3 (Groundball, 3L)
|
Batting: RHB Tony Romero
|
0-0: Bunted foul 0-1: Fly out, F8 (Flyball, 8LD)
|
Bottom of the 5th over - 0 run(s), 0 hit(s), 0 error(s), 0 left on base; Detroit 2 - D.C. 0 |
TOP OF THE 6TH |
Detroit Renaissance batting - Pitching for D.C. Divided : RHP José Alaniz
|
Batting: RHB Bernardo Herrera
|
0-0: Ball 1-0: Ball 2-0: Ball 3-0: Called Strike 3-1: Ground out 4-3 (Groundball, 4M)
|
Batting: RHB Lonnie Conrad
|
0-0: Swinging Strike 0-1: Called Strike 0-2: Ball 1-2: Foul Ball, location: 2F 1-2: Foul Ball, location: 2F 1-2: Ball 2-2: Foul Ball, location: 2F 2-2: Ball 3-2: Ground out 3-1 (Groundball, 34)
|
Batting: LHB Juan González
|
0-0: Ball 1-0: Ball 2-0: Called Strike 2-1: Ball 3-1: SOLO HOME RUN (Line Drive, 89XD), Distance : 431 ft
|
Batting: LHB Mike Silver
|
0-0: Swinging Strike 0-1: Ball 1-1: Foul Ball, location: 2F 1-2: Ground out 1-3 (Groundball, 25)
|
Top of the 6th over - 1 run(s), 1 hit(s), 0 error(s), 0 left on base; Detroit 3 - D.C. 0 |
BOTTOM OF THE 6TH |
D.C. Divided batting - Pitching for Detroit Renaissance : LHP Kyle Lewis
|
Batting: LHB Keith Bridges
|
0-0: Fly out, F7 (Flyball, 7M)
|
Batting: LHB Ray Sears
|
0-0: Ball 1-0: SINGLE (Line Drive, 4D)
|
Pitching: LHP Hwen-thiang Qin
|
|
Batting: LHB Charles Mathes
|
0-0: Ball 1-0: Ball 2-0: Called Strike 2-1: Ball 3-1: Base on Balls Ray Sears to second
|
Batting: RHB Miguel Silva
|
0-0: Grounds into double play, 6-4-3 (Groundball, 56)
|
Bottom of the 6th over - 0 run(s), 1 hit(s), 0 error(s), 1 left on base; Detroit 3 - D.C. 0 |
TOP OF THE 7TH |
Detroit Renaissance batting - Pitching for D.C. Divided : RHP José Alaniz
|
Batting: LHB Gregory Johnson
|
0-0: Ground out 4-3 (Groundball, 34)
|
Batting: LHB Luis Rodríguez
|
0-0: Ball 1-0: Fly out, F8 (Flyball, 8RM)
|
Batting: LHB Greg Robinson
|
0-0: Ball 1-0: Ball 2-0: Foul Ball, location: 2F 2-1: Ground out U3 (Groundball, 3S)
|
Top of the 7th over - 0 run(s), 0 hit(s), 0 error(s), 0 left on base; Detroit 3 - D.C. 0 |
BOTTOM OF THE 7TH |
D.C. Divided batting - Pitching for Detroit Renaissance : LHP Hwen-thiang Qin
|
Batting: LHB Brad Elmore
|
0-0: Ball 1-0: Called Strike 1-1: Fly out, F5 (Line Drive, 5L)
|
Batting: RHB Lúcio López
|
0-0: Ball 1-0: Called Strike 1-1: Foul Ball, location: 2F 1-2: Strikes out swinging
|
Batting: LHB Jorge Aicón
|
0-0: Ball 1-0: Called Strike 1-1: Ball 2-1: Foul Ball, location: 2F 2-2: Ball 3-2: Strikes out looking
|
Bottom of the 7th over - 0 run(s), 0 hit(s), 0 error(s), 0 left on base; Detroit 3 - D.C. 0 |
TOP OF THE 8TH |
Detroit Renaissance batting - Pitching for D.C. Divided : RHP José Alaniz
|
Batting: RHB Eric D'Angle
|
0-0: Called Strike 0-1: Ground out 5-3 (Groundball, 5)
|
Batting: RHB Kyle Bywaters
|
0-0: Foul Ball, location: 2F 0-1: Ball 1-1: DOUBLE (Line Drive, 3D)
|
Batting: RHB Bernardo Herrera
|
0-0: Fly out, F9 (Flyball, 9M) Runner from 2nd tags up, SAFE at 3rd with throw
|
Batting: RHB Lonnie Conrad
|
0-0: Called Strike 0-1: Ground out 1-3 (Groundball, 13S)
|
Top of the 8th over - 0 run(s), 1 hit(s), 0 error(s), 1 left on base; Detroit 3 - D.C. 0 |
BOTTOM OF THE 8TH |
D.C. Divided batting - Pitching for Detroit Renaissance : LHP Hwen-thiang Qin
|
Batting: RHB Mark Allen
|
0-0: Ball 1-0: Called Strike 1-1: Bunt for hit - play at first, batter OUT! 1-3
|
Batting: RHB Tony Romero
|
0-0: Ground out 4-3 (Groundball, 4M)
|
Batting: LHB Keith Bridges
|
0-0: Called Strike 0-1: Foul Ball, location: 2F 0-2: Foul Ball, location: 2F 0-2: Strikes out looking
|
Bottom of the 8th over - 0 run(s), 0 hit(s), 0 error(s), 0 left on base; Detroit 3 - D.C. 0 |
TOP OF THE 9TH |
Detroit Renaissance batting - Pitching for D.C. Divided : RHP José Alaniz
|
Batting: LHB Juan González
|
0-0: Called Strike 0-1: Foul Ball, location: 2F 0-2: Ground out U3 (Groundball, 3S)
|
Batting: LHB Mike Silver
|
0-0: Ball 1-0: Ball 2-0: Foul Ball, location: 2F 2-1: Ball 3-1: Ground out 6-3 (Groundball, 6)
|
Batting: LHB Gregory Johnson
|
0-0: Foul Ball, location: 2F 0-1: Ground out 1-3 (Groundball, 15)
|
Top of the 9th over - 0 run(s), 0 hit(s), 0 error(s), 0 left on base; Detroit 3 - D.C. 0 |
BOTTOM OF THE 9TH |
D.C. Divided batting - Pitching for Detroit Renaissance : LHP Hwen-thiang Qin
|
Pitching: RHP Jack Carr
|
|
Batting: LHB Ray Sears
|
0-0: Ball 1-0: Ground out 4-3 (Groundball, 4)
|
Batting: LHB Charles Mathes
|
0-0: Ball 1-0: Called Strike 1-1: Foul Ball, location: 2F 1-2: Strikes out swinging
|
Batting: RHB Miguel Silva
|
0-0: Ball 1-0: Foul Ball, location: 2F 1-1: Ball 2-1: Ball 3-1: Base on Balls
|
Batting: LHB Brad Elmore
|
0-0: Fly out, F8 (Line Drive, 8LD)
|
Bottom of the 9th over - 0 run(s), 0 hit(s), 0 error(s), 1 left on base; Detroit 3 - D.C. 0 |
|